 Dungeon Crawl Stone Soup version 0.27-a0-1319-geec4fb4e21 (webtiles) character file.

Game seed: 3005441365714127724

22545 funkygono the Thaumaturge (level 13, -5/70 HPs)
             Began as a Gargoyle Venom Mage on June 19, 2021.
             Was an Elder of Vehumet.
             Slain by an eight-headed hydra (12 damage)
             ... on level 2 of the Lair of Beasts on June 22, 2021.
             The game lasted 00:42:17 (13108 turns).

funkygono the Thaumaturge (Gargoyle Venom Mage)    Turns: 13108, Time: 00:42:18

Health: -5/70      AC: 17    Str: 17    XL:     13   Next: 1%
Magic:  27/36      EV: 14    Int: 24    God:    Vehumet [****..]
Gold:   732        SH:  5    Dex: 14    Spells: 8/32 levels left

rFire    + . .     SeeInvis .   j - +3 mace (protect)
rCold    . . .     Faith    .   (no shield)
rNeg     + . .     Spirit   .   t - +4 robe of Augmentation {Str+4 Int+4 Dex+4}
rPois    ∞         Reflect  +   I - +1 helmet of the Orb Guardian {Rampage rElec}
rElec    +         Harm     .   (no cloak)
rCorr    .         Rampage  +   (no gloves)
Will     .....                  (no boots)
Stlth    ++........             D - amulet of reflection
HPRegen  0.21/turn              y - ring of protection from fire
MPRegen  0.25/turn              E - ring of magical power

@: no status effects
A: sickness immunity, AC +9, negative energy resistance 1, electricity
resistance, torment resistance 1, petrification resistance
a: Renounce Religion


You were on level 2 of the Lair of Beasts.
You worshipped Vehumet.
Vehumet was greatly pleased with you.
You visited 3 branches of the dungeon, and saw 13 of its levels.

You collected 732 gold pieces.

Inventory:

Hand Weapons
 j - a +3 mace of protection (weapon)
Armour
 t - the +4 robe of Augmentation (worn) {Str+4 Int+4 Dex+4}
   (You found it on level 5 of the Dungeon)

   It affects your strength (+4).
   It affects your intelligence (+4).
   It affects your dexterity (+4).
 I - the +1 helmet of the Orb Guardian (worn) {Rampage rElec}
   (You found it on level 7 of the Dungeon)

   It insulates you from electricity.
   It bestows one free step when moving towards enemies.
 L - the +3 kite shield of Vutabb {Str+5}
   (You found it on level 10 of the Dungeon)

   It affects your strength (+5).
Jewellery
 y - a ring of protection from fire (left hand)
 D - an amulet of reflection (around neck)
 E - a ring of magical power (right hand)
Wands
 b - a wand of flame (29)
 C - a wand of acid (15)
 J - a wand of iceblast (6)
Scrolls
 a - 2 scrolls of teleportation
 c - a scroll of identify
 e - a scroll of fear
 q - 4 scrolls of blinking
 z - 2 scrolls of magic mapping
Potions
 h - 2 potions of heal wounds
 k - a potion of mutation {unknown}
 m - a potion of flight {unknown}
 n - 3 potions of lignification
 p - 3 potions of curing
 u - 2 potions of ambrosia {unknown}
 w - 2 potions of invisibility
 x - a potion of haste {unknown}
 B - a potion of attraction {unknown}
 H - a potion of brilliance {unknown}
Miscellaneous
 d - a condenser vane


   Skills:
 + Level 4.1 Fighting
 + Level 5.7 Maces & Flails
 + Level 5.1 Dodging
 - Level 3.4 Stealth
 + Level 10.2 Spellcasting
 + Level 3.3 Conjurations
 + Level 5.5 Transmutations
 * Level 8.5 Fire Magic
 + Level 8.2 Earth Magic
 + Level 9.5 Poison Magic


You had 8 spell levels left.
You knew the following spells:

 Your Spells              Type           Power      Damage    Failure   Level
a - Sting                 Tmut/Pois      100%       1d8       1%          1
b - Ignite Poison         Fire/Tmut/Pois 50%        N/A       1%          3
c - Olgreb's Toxic Radia  Pois           55%        N/A       1%          4
d - Bolt of Magma         Conj/Fire/Erth 22%        4d11      2%          5
e - Foxfire               Conj/Fire      100%       2x1d9     1%          1
f - Fireball              Conj/Fire      20%        3d10      3%          5
g - Freeze                Ice            48%        1d7       1%          1
h - Hailstorm             Conj/Ice       20%        3d6       7%          4

Your spell library contained the following spells:

 Spells                   Type           Power      Damage    Failure   Level
 Yara's Violent Unravell  Hex/Tmut       12%        3d7       12%         5
 Magic Dart               Conj           100%       1d8       1%          1
 Poisonous Vapours        Pois/Air       70%        N/A       1%          2
 Searing Ray              Conj           56%        3d5       1%          2
 Conjure Flame            Conj/Fire      40%        6-21      1%          3
 Inner Flame              Hex/Fire       32%        N/A       1%          3
 Mephitic Cloud           Conj/Pois/Air  32%        N/A       1%          3
 Sticky Flame             Conj/Fire      40%        2d6       1%          4
 Dazzling Flash           Conj/Hex       40%        N/A       2%          3
 Animate Skeleton         Necr           24%        N/A       5%          1
 Apportation              Tloc           24%        N/A       5%          1
 Corona                   Hex            13%        N/A       5%          1
 Summon Small Mammal      Summ           48%        N/A       5%          1
 Fulminant Prism          Conj/Hex       10%        3d9       7%          4
 Iskenderun's Mystic Bla  Conj/Tloc      20%        2d6       7%          4
 Animate Armour           Summ/Erth      64%        N/A       10%         4
 Leda's Liquefaction      Hex/Erth       16%        N/A       10%         4
 Iron Shot                Conj/Erth      20%        9d5       19%         6
 Freezing Cloud           Conj/Ice/Air   8%         6-21      22%         5
 Shatter                  Erth           25%        3d22*     100%        9
 Statue Form              Tmut/Erth      Unusable   N/A       N/A         6

Dungeon Overview and Level Annotations

Branches:
Dungeon (10/15)            Temple (1/1) D:7            Lair (2/6) D:10
  Swamp: Lair:2-4    Shoals: Lair:2-4     Snake: Lair:2-4    Spider: Lair:2-4
    Orc: D:9-12

Altars:
Ashenzari
Cheibriados
Dithmenos
Elyvilon
Fedhas
Gozag
Hepliaklqana
Kikubaaqudgha
Makhleb
Nemelex Xobeh
Okawaru
Qazlal
Ru
Sif Muna
Trog
Uskayaw
Vehumet
Wu Jian
Xom
Yredelemnul
Zin
The Shining One

Shops:
D:1 [   D:2 *   D:7 :

Portals:
Trove: D:10 (give +2 storm dragon scales)

Annotations:
D:5 1 runed translucent door, askman's ghost, amateur DsFi


Innate Abilities, Weirdness & Mutations

You are immune to sickness and miasma.
Your stone body is resilient. (AC +9)
You are immune to poison.
You resist negative energy. (rN+)
You are resistant to electric shocks. (rElec)
You are resistant to unholy torment.
You are immune to petrification.


Message History

Aim: a five-headed hydra (89% to hit)
The bolt of magma hits the five-headed hydra!!
The five-headed hydra is moderately wounded.
The eight-headed hydra roars!
Unknown command.
Casting: Bolt of Magma (dangerous; 2% risk of failure)
Confirm with . or Enter, or press ? or * to list all spells.
Aiming: Bolt of Magma (dangerous; 2% risk of failure)
Press: ? - help, Shift-Dir - straight line, f/p - five-headed hydra
Aim: a five-headed hydra (moderately wounded, 89% to hit)
The bolt of magma hits the five-headed hydra!!
The five-headed hydra is severely wounded.
The five-headed hydra bites you.
The five-headed hydra bites you but does no damage.
The five-headed hydra bites you.
The five-headed hydra bites you but does no damage. x2
The five-headed hydra completely misses you.
The five-headed hydra bites you.
The five-headed hydra closely misses you.
The five-headed hydra barely misses you.
You block the five-headed hydra's attack.
You see here a blink frog skeleton.
You sock the fungus!
The fungus begins to die.
The fungus is lightly damaged.
The five-headed hydra misses you. The five-headed hydra bites you.
The five-headed hydra bites you! x2; The five-headed hydra bites you.
The eight-headed hydra bites you!
You block the eight-headed hydra's attack.
The eight-headed hydra bites you but does no damage.
The eight-headed hydra closely misses you. x2
You block the eight-headed hydra's attack.
The eight-headed hydra barely misses you. x2
A nearby fungus withers and dies.
The eight-headed hydra bites you!
* * * LOW HITPOINT WARNING * * *
The eight-headed hydra bites you!
* * * LOW HITPOINT WARNING * * *
The eight-headed hydra closely misses you.
The eight-headed hydra bites you!
You die...

.## ♣ .P# ##. .## ##.#♣♣ ##
#....♣ #....♣♣ ##.....♣♣♣ ♣♣
#####........♣♣♣♣♣♣ .♣♣♣♣♣♣
..#.............♣.♣♣..♣....#.....
...♣.....P#...÷.@...#............
....♣♣..........D.P..............
......♣.........D................
.................................
...........).....................
8.......♣....÷...................
...8....♣♣.÷............##.......
...............#.÷.#.#...#.......
...................#........#....


You could see an eight-headed hydra and a five-headed hydra.

Vanquished Creatures
  A hydra (Lair:2)
  2 two-headed ogres
  Pikel (D:4)
  A faun (Lair:2)
  A deep elf pyromancer (D:9)
  An oklob plant (D:10)
  2 black mambas
  4 cane toads
  A rime drake (Lair:1)
  5 komodo dragons
  2 trolls
  Prince Ribbit (D:4)
  5 blink frogs (Lair:2)
  2 wyverns
  41 yaks
  3 steam dragons (D:6)
  5 water moccasins
  A hornet zombie (D:6)
  5 orc warriors
  An ice beast (D:7)
  A sky beast (D:5)
  2 necrophages
  34 wolves (Lair:2)
  An ogre (D:4)
  5 centaurs
  2 lemures
  A phantom (D:7)
  5 bullfrogs
  3 kobold brigands
  3 scorpions
  A water moccasin skeleton (D:5)
  5 killer bees (D:8)
  2 howler monkeys
  10 wights
  4 centaur zombies
  A jelly (D:8)
  4 hounds
  A centaur skeleton (D:4)
  5 orc priests
  3 bullfrog skeletons
  5 iguanas
  5 orc wizards
  A scorpion zombie (D:5)
  A howler monkey zombie (D:7)
  8 adders
  An ufetubus (D:5)
  An adder skeleton (D:4)
  4 dart slugs
  26 orcs
  5 ball pythons
  6 endoplasms
  5 giant cockroaches
  6 goblins
  5 hobgoblins
  A quokka (D:2)
  5 bats
  3 frilled lizards
  19 kobolds
  5 rats
290 creatures vanquished.

Vanquished Creatures (collateral kills)
  3 foxfires (D:10)
3 creatures vanquished.

Vanquished Creatures (others)
  A white imp (D:6)
  215 foxfires
  6 fungi (Lair:2)
  18 plants
240 creatures vanquished.

Grand Total: 533 creatures vanquished

Notes
Turn   | Place    | Note
-------+----------+-------------------------------------------
     0 | D:1      | funkygono the Gargoyle Venom Mage began the quest for the
                  | Orb.
     0 | D:1      | Reached XP level 1. HP: 10/10 MP: 3/3
   417 | D:1      | Reached XP level 2. HP: 15/15 MP: 3/5
   629 | D:1      | Found Popiekef's Antique Armour Shop.
   634 | D:1      | Reached skill level 1 in Transmutations
  1062 | D:2      | Found Hutz's General Store.
  1089 | D:2      | Reached XP level 3. HP: 13/19 MP: 3/6
  1298 | D:2      | Found a faded altar of an unknown god.
  1480 | D:2      | Learned a level 3 spell: Ignite Poison
  1597 | D:3      | Found a shadowy altar of Dithmenos.
  1612 | D:3      | Found a hide-covered altar of Uskayaw.
  1635 | D:3      | Reached XP level 4. HP: 17/24 MP: 2/7
  1673 | D:3      | Learned a level 4 spell: Olgreb's Toxic Radiance
  1823 | D:3      | Found a shimmering altar of Xom.
  1903 | D:3      | Reached XP level 5. HP: 24/28 MP: 5/9
  1943 | D:3      | Reached skill level 1 in Maces & Flails
  2228 | D:4      | Noticed a lemure
  2258 | D:3      | Killed a lemure
  2316 | D:4      | Reached skill level 3 in Spellcasting
  2356 | D:4      | Noticed a lemure
  2378 | D:4      | Killed a lemure
  2420 | D:4      | Noticed Pikel
  2427 | D:4      | Noticed a lemure
  2436 | D:4      | Noticed a lemure
  2455 | D:4      | Killed Pikel
  2456 | D:4      | Reached skill level 1 in Fighting
  2456 | D:4      | Reached skill level 4 in Spellcasting
  2456 | D:4      | Reached skill level 5 in Poison Magic
  2456 | D:4      | Reached XP level 6. HP: 22/34 MP: 8/12
  2456 | D:4      | Reached XP level 7. HP: 25/38 MP: 8/13
  2705 | D:4      | Reached XP level 8. HP: 39/44 MP: 10/14
  2839 | D:4      | Identified the +2 robe of Lilacs {rF- Dex+7}
  2988 | D:4      | Found a bloodstained altar of Trog.
  2999 | D:4      | Found a snail-covered altar of Cheibriados.
  3187 | D:4      | Noticed a wyvern
  3198 | D:4      | Killed a wyvern
  3234 | D:4      | Reached skill level 5 in Spellcasting
  3276 | D:4      | Found a shimmering blue altar of Sif Muna.
  3332 | D:4      | Identified a scroll of acquirement
  3332 | D:4      | Acquired a book of the Earth
  3342 | D:4      | Learned a level 5 spell: Bolt of Magma
  3412 | D:5      | Entered Level 5 of the Dungeon
  3412 | D:5      | Noticed Prince Ribbit
  3429 | D:4      | Killed Prince Ribbit
  3430 | D:4      | Reached skill level 1 in Fire Magic
  3430 | D:4      | Reached skill level 1 in Earth Magic
  3677 | D:5      | Found the +4 robe of Augmentation {Str+4 Int+4 Dex+4}
  3683 | D:5      | Reached XP level 9. HP: 44/48 MP: 12/16
  3979 | D:5      | Found a runed translucent door.
  3982 | D:5      | Noticed askman's ghost (amateur DsFi)
  4267 | D:5      | Noticed a two-headed ogre
  4277 | D:5      | Killed a two-headed ogre
  4548 | D:6      | Found a blossoming altar of Fedhas.
  5194 | D:7      | Learned a level 1 spell: Foxfire
  5200 | D:7      | Learned a level 5 spell: Fireball
  5214 | D:7      | Found a staircase to the Ecumenical Temple.
  5261 | Temple   | Entered the Ecumenical Temple
  5378 | D:7      | Identified the +1 helmet of the Orb Guardian {Rampage
                  | rElec}
  5456 | D:7      | Reached XP level 10. HP: 47/56 MP: 5/18
  5730 | D:7      | Found Qazowu Qain's Book Boutique.
  5781 | D:7      | Found a radiant altar of Vehumet.
  5790 | D:7      | Became a worshipper of Vehumet
  5914 | D:7      | Found a glowing golden altar of the Shining One.
  5918 | D:7      | Reached skill level 5 in Earth Magic
  6283 | D:7      | Reached skill level 6 in Spellcasting
  6637 | D:7      | Upgraded the game from 0.27-a0-1312-g5cdb2b3542 to
                  | 0.27-a0-1319-geec4fb4e21
  6793 | D:8      | Found a sacrificial altar of Ru.
  7096 | D:8      | Reached * piety under Vehumet
  7096 | D:8      | Offered knowledge of Shock by Vehumet.
  7910 | D:9      | Noticed a deep elf pyromancer
  7915 | D:9      | Reached skill level 5 in Maces & Flails
  7916 | D:9      | Killed a deep elf pyromancer
  8051 | D:9      | Reached skill level 7 in Spellcasting
  8240 | D:9      | Reached XP level 11. HP: 53/60 MP: 19/22
  8487 | D:9      | Offered knowledge of Freeze by Vehumet.
  8498 | D:9      | Learned a level 1 spell: Freeze
  8549 | D:9      | Reached skill level 5 in Transmutations
  8669 | D:9      | Reached ** piety under Vehumet
  8861 | D:9      | Reached skill level 5 in Fire Magic
  9548 | D:10     | Entered Level 10 of the Dungeon
  9563 | D:10     | Offered knowledge of Static Discharge by Vehumet.
  9677 | D:10     | Found a portal to a secret trove of treasure.
  9726 | D:10     | Reached skill level 8 in Spellcasting
  9843 | D:10     | Found an ornate altar of the Wu Jian Council.
  9870 | D:10     | Reached *** piety under Vehumet
  9933 | D:10     | Identified the +3 kite shield of Vutabb {Str+5}
  9995 | D:10     | Found an iron altar of Okawaru.
 10050 | D:10     | Noticed a two-headed ogre
 10054 | D:10     | Killed a two-headed ogre
 10154 | D:10     | Found a staircase to the Lair.
 10154 | D:10     | Noticed an oklob plant
 10182 | D:10     | Killed an oklob plant
 10183 | D:10     | Reached skill level 1 in Conjurations
 10679 | Lair:1   | Entered Level 1 of the Lair of Beasts
 11192 | Lair:1   | Reached XP level 12. HP: 66/66 MP: 24/24
 11606 | Lair:1   | Offered knowledge of Hailstorm by Vehumet.
 11608 | Lair:1   | Reached skill level 9 in Spellcasting
 12221 | Lair:1   | Learned a level 4 spell: Hailstorm
 12307 | Lair:2   | Reached **** piety under Vehumet
 12310 | Lair:2   | Offered knowledge of Yara's Violent Unravelling by Vehumet.
 12318 | Lair:2   | Reached skill level 5 in Dodging
 12764 | Lair:2   | Noticed a seven-headed hydra
 12800 | Lair:2   | Killed a seven-headed hydra
 12801 | Lair:2   | Reached skill level 10 in Spellcasting
 12958 | Lair:2   | Reached XP level 13. HP: 70/70 MP: 10/27
 13108 | Lair:2   | Slain by an eight-headed hydra

Illustrated notes

Levels and vault maps discovered:
D:1:      minmay_arrival_loop, layout_basic, serial_shops, shop
D:2:      layout_rooms, serial_shops, shop,
          shapermc_ecumenical_altar_mp_ritualfount
D:3:      layout_rooms, xom_butterflies, nicolae_overflow_crystal_walls,
          overflow_temple_1_default
D:4:      layout_loops_ring, overflow_temple_1_default, kennysheep_mini_moat,
          kennysheep_slug_shrine, uniq_pikel
D:5:      layout_cave_pools, ebering_ghost_sewer_d, kennysheep_potato,
          uniq_prince_ribbit1
D:6:      cheibrodos_steamvent, layout_rooms, fedhas_altar_fruit_tree,
          lemuel_flamethrower_1
D:7:      layout_loops_corners, marbit_many_paths, tso_metal_star,
          minmay_temple_entry_sparse_star, serial_shops, nicolae_lakefront_shop
D:8:      layout_rooms, nicolae_ru_awakened_eye
D:9:      layout_layer_cave, item_on_display_a
D:10:     layout_gridville, pdpol_wu_jian_five_deadly_venoms,
          lemuel_coloured_pillars_altar, dpeg_oklobed_lair, enter_trove_0
Temple:   zaba_magenta_temple
Lair:1:   layout_cave_shapes, small_statue_intersection, lemuel_old_faithful,
          infiniplex_staircase_pool, lemuel_fruit_tree
Lair:2:   layout_hall_layers, palyth_hydra_swamp_entry,
          grunt_forest_large_clearings

Skill      XL: |  1  2  3  4  5  6  7  8  9 10 11 12 |
---------------+-------------------------------------+-----
Transmutations | 1 2 3 4 5 |  5.5
Poison Magic   | 4 5 6 7 8 9 |  9.5
Maces & Flails | 2 3 4 5 |  5.7
Spellcasting   | 4 5 7 8 10 | 10.2
Dodging        | 2 3 4 5 |  5.1
Fighting       | 1 2 3 4 |  4.1
Fire Magic     | 1 3 4 6 8 |  8.5
Earth Magic    | 2 4 6 7 8 |  8.2
Stealth        | 3 |  3.4
Conjurations   | 2 3 |  3.3

Action                   |  1- 3 |  4- 6 |  7- 9 | 10-12 | 13-15 || total
-------------------------+-------+-------+-------+-------+-------++-------
Melee: Unarmed           |     7 |       |       |       |       ||     7
       Whip              |    21 |       |       |       |       ||    21
       Mace              |     9 |    56 |   225 |   118 |     1 ||   409
 Cast: Sting             |    49 |    37 |   105 |     5 |       ||   196
       Ignite Poison     |       |       |    10 |    70 |       ||    80
       Foxfire           |       |       |     2 |   118 |       ||   120
       Olgreb's Toxic Ra |       |       |     1 |    67 |       ||    68
       Bolt of Magma     |       |       |       |    39 |     3 ||    42
       Freeze            |       |       |       |     1 |       ||     1
  Use: Scroll            |     3 |     3 |     8 |     9 |       ||    23
       Potion            |       |       |       |     2 |       ||     2
Armor: Robe              |    14 |    23 |   227 |    87 |     4 ||   355
Dodge: Dodged            |    28 |    46 |   194 |   118 |     9 ||   395
Block: Other             |       |       |       |    41 |     3 ||    44
       Reflection        |       |       |       |     5 |       ||     5

Table legend: (Time is in decaauts)
 A = Elapsed time spent in this place.
 B = Non-inter-level travel time spent in this place.
 C = Inter-level travel time spent in this place.
 D = Time resting spent in this place.
 E = Time spent auto-exploring this place.
 F = Levels seen in this place.
 G = Mean time per level.
                   A        B        C        D        E       F      G
               +--------+--------+--------+--------+--------+-----+--------+
         Total |  13205 |  12991 |    214 |    550 |   9920 |  13 | 1015.8 |
       Dungeon |  10697 |  10505 |    192 |    550 |   7784 |  10 | 1069.7 |
        Temple |     73 |     72 |      1 |      0 |     54 |   1 |   73.0 |
          Lair |   2434 |   2415 |     19 |      0 |   2082 |   2 | 1217.0 |
               +--------+--------+--------+--------+--------+-----+--------+

Top non-repeatable levels by time:
  Lair:1: 1621 daAuts
     D:9: 1511 daAuts
     D:7: 1454 daAuts
     D:4: 1358 daAuts
     D:8: 1352 daAuts
    D:10: 1135 daAuts
     D:5: 899 daAuts
     D:1: 844 daAuts
  Lair:2: 812 daAuts
     D:3: 805 daAuts
     D:6: 689 daAuts
     D:2: 647 daAuts
  Temple: 73 daAuts
